 Dungeon Crawl Stone Soup version 0.32-a0-765-gfba4d74c8c (webtiles) character file.

Game seed: 3199145054956801946

222 Driver the Gusty (level 5, -2/28 HPs)
             Began as a Tengu Air Elementalist on Mar 18, 2024.
             Slain by an ogre
             ... wielding a +0 giant club
              (30 damage)
             ... on level 4 of the Dungeon.
             The game lasted 00:07:32 (2936 turns).

Driver the Gusty (Tengu Air Elementalist)           Turns: 2936, Time: 00:07:32

Health: -2/28      AC:  2    Str:  9    XL:     5   Next: 99%
Magic:  11/11      EV: 11    Int: 17    God:
Gold:   138        SH:  0    Dex: 14    Spells: 1/11 levels left

rFire   . . .        k - +0 dagger
rCold   + . .        (no shield)
rNeg    . . .        a - +0 robe
rPois   .            (helmet restricted)
rElec   .            (no cloak)
rCorr   .            (no gloves)
SInv    .            (boots unavailable)
Will    .....        (no amulet)
Stlth   ++           g - ring of wizardry
HPRegen 0.24/turn    h - ring of protection from cold
MPRegen 0.12/turn

%: acrobat, wizardry (x1)
@: no status effects
A: beak, talons 3, acrobatic
a: no special abilities


You were on level 4 of the Dungeon.
You visited 1 branch of the dungeon, and saw 4 of its levels.

You collected 138 gold pieces.

Inventory:

Hand Weapons
 k - a +0 dagger (weapon)
Armour
 a - a +0 robe (worn)
Jewellery
 g - a ring of wizardry (left hand)
 h - a ring of protection from cold (right hand)
Wands
 b - a wand of polymorph (12)
Scrolls
 d - 2 scrolls of immolation {unknown}
 e - a scroll of noise {unknown}
 f - a scroll of fear {unknown}
 i - 3 scrolls of identify {unknown}
 o - a scroll of enchant armour {unknown}
Potions
 c - a potion of heal wounds
 j - 2 potions of curing {unknown}
 l - a potion of attraction {unknown}
 m - a potion of berserk rage {unknown}
 n - a potion of brilliance {unknown}
 p - 2 potions of enlightenment {unknown}


   Skills:
 - Level 2.1 Dodging
 - Level 2.0 Stealth
 + Level 3.5 Spellcasting
 + Level 4.3 Conjurations
 + Level 5.9 Air Magic


You had one spell level left.
You knew the following spells:

 Your Spells              Type           Power      Damage    Failure   Level
a - Shock                 Conj/Air       80%        1d8       1%          1
b - Static Discharge      Conj/Air       40%        3-5/arc   1%          2
c - Swiftness             Air            23%        N/A       1%          3
d - Airstrike             Air            11%        2d(2-18)  6%          4

Your spell library contained the following spells:

 Spells                   Type           Power      Damage    Failure   Level
 Apportation              Tloc           6%         N/A       7%          1
 Mercury Vapours          Alch/Air       26%        N/A       3%          2
 Mephitic Cloud           Conj/Alch/Air  14%        N/A       4%          3
 Stone Arrow              Conj/Erth      20%        3d8       9%          3
 Jinxbite                 Hex            6%         N/A       11%         2
 Scorch                   Fire           6%         2d5       11%         2
 Flame Wave               Conj/Fire      10%        2d6       26%         4
 Freezing Cloud           Conj/Ice/Air   7%         6-21      41%         5
 Animate Armour           Summ/Erth      6%         N/A       52%         4
 Alistair's Intoxication  Alch           2%         N/A       86%         5
 Summon Cactus Giant      Summ           1%         N/A       100%        6
 Lehudib's Crystal Spear  Conj/Erth      5%         10d3      100%        8


Dungeon Overview and Level Annotations

Branches:
Dungeon (4/15)
 Temple: D:4-7

Altars:
Hepliaklqana
Okawaru

Shops:
D:4 [

Annotations:
D:3 1 runed translucent door, Crazy Yiuf


Innate Abilities, Weirdness & Mutations

You have a beak for a mouth.
You have claws for feet.
You can magically evade attacks while moving or waiting.


Message History

A dart slug comes into view.
Found an iron altar of Okawaru.
A dart slug is nearby!
The zap hits the dart slug.
The dart slug is heavily wounded.
The dart slug launches a dart at you. The slug dart hits you.
The zap hits the dart slug.
The dart slug is almost dead.
The zap hits the dart slug.
You kill the dart slug!
You can't see any susceptible monsters within range! (Use Z to cast anyway.)
You can't see any susceptible monsters within range! (Use Z to cast anyway.) HP restored.
There is a large open door here.
There is an open door here.
You see here 7 stones.
You see here a +0 chain mail.
Crazy Yiuf whimpers, "Nubble!
Orb tortoise eyeball."
Could not explore, unopened runed door.
Crazy Yiuf laughs, "Prologue!"
Crazy Yiuf cries, "Earwax!
Ghoul arga foot."
You see here a +0 chain mail.
There is a stone staircase leading down here.
This spell is quite dangerous to cast!
You start memorising the spell.
You continue memorising. x4
You finish memorising.
Spell assigned to 'd'.
Okay, then.
Things that are here:
5 stones; a +0 dagger You see here a +0 club.
There is a stone staircase leading down here.
You climb downwards.
Found 7 gold pieces, a hand axe, a pair of gloves and a stone.
Found Naqoxt's Antique Armour Shop.
There is a stone staircase leading up here.
The ogre shouts!
The ogre hits you with a +0 giant club!!
Ouch! That really hurt!
You die...

#..# .#.# #..#
#∩.#######
######..(......
.....[.....s.
..........##
#..O@$).#
#.##r#..# #.#
.# #.# # #.#
#.. ###


You could see an ogre, a scorpion and a quokka.

Vanquished Creatures
  An orc warrior (D:3)
  An orc wizard (D:3)
  6 adders
  A ribbon worm (D:2)
  2 dart slugs (D:3)
  4 orcs (D:3)
  3 ball pythons
  3 bats
  5 endoplasms
  2 giant cockroaches
  5 goblins
  2 hobgoblins (D:2)
  4 kobolds
  2 quokkas
  A frilled lizard (D:2)
  3 rats
45 creatures vanquished.

Notes
Turn   | Place    | Note
-------+----------+-------------------------------------------
     0 | D:1      | Driver the Tengu Air Elementalist began the quest for the
                  | Orb.
     0 | D:1      | Reached XP level 1. HP: 10/10 MP: 4/4
   242 | D:1      | Reached XP level 2. HP: 15/15 MP: 4/6
   278 | D:1      | Learned a level 2 spell: Static Discharge
   981 | D:2      | Reached XP level 3. HP: 14/19 MP: 1/7
   985 | D:2      | Learned a level 3 spell: Swiftness
  1080 | D:2      | Found a faded altar of an unknown god.
  1589 | D:2      | Reached XP level 4. HP: 14/24 MP: 3/9
  1750 | D:3      | Reached skill level 5 in Air Magic
  2128 | D:3      | Noticed an orc warrior
  2474 | D:3      | Reached XP level 5. HP: 25/28 MP: 4/10
  2476 | D:3      | Killed an orc warrior
  2616 | D:3      | Found a runed translucent door.
  2617 | D:3      | Noticed Crazy Yiuf
  2728 | D:3      | Found a hazy altar of Hepliaklqana.
  2740 | D:3      | Found an iron altar of Okawaru.
  2907 | D:3      | Learned a level 4 spell: Airstrike
  2935 | D:4      | Noticed an ogre
  2935 | D:4      | Found Naqoxt's Antique Armour Shop.
  2936 | D:4      | Slain by an ogre

Illustrated notes

Levels and vault maps discovered:
D:1:      shiori_arrival_maze, layout_rooms
D:2:      layout_loops_cross, hellmonk_ecumenical_altar_arch_garden
D:3:      layout_basic, jmf_multi_god_temple2, uniq_crazy_yiuf_cottage
D:4:      layout_loops_ring, mainiacjoe_overflow_alcove_1,
          minmay_temple_entry_large_hall, serial_shops, shop, uniq_natasha

Skill      XL: |  1  2  3  4  5 |
---------------+----------------+-----
Conjurations   | 2 3 4 |  4.3
Air Magic      | 5 |  5.9
Spellcasting   | 3 |  3.5
Dodging        | |  2.1
Stealth        | |  2.0

Action                     |  1- 3 |  4- 6 || total
---------------------------+-------+-------++-------
  Melee: Unarmed           |     1 |       ||     1
         Dagger            |       |     5 ||     5
   Cast: Shock             |    54 |    55 ||   109
         Static Discharge  |     4 |     3 ||     7
    Use: Potion            |       |     2 ||     2
 Armour: Robe              |    20 |     5 ||    25
         Skin              |       |    19 ||    19
  Dodge: Dodged            |    18 |     8 ||    26

Table legend: (Time is in decaauts)
 A = Elapsed time spent in this place.
 B = Non-inter-level travel time spent in this place.
 C = Inter-level travel time spent in this place.
 D = Time resting spent in this place.
 E = Time spent auto-exploring this place.
 F = Levels seen in this place.
 G = Mean time per level.
                   A        B        C        D        E       F      G
               +--------+--------+--------+--------+--------+-----+--------+
         Total |   2933 |   2788 |    145 |    404 |   1968 |   4 |  733.2 |
       Dungeon |   2933 |   2788 |    145 |    404 |   1968 |   4 |  733.2 |
               +--------+--------+--------+--------+--------+-----+--------+

Top non-repeatable levels by time:
     D:2: 1197 daAuts
     D:3: 1172 daAuts
     D:1: 563 daAuts
     D:4: 0 daAuts
